Map: Tourmaline LE

Players

herO - Winner!

  • Race: Protoss Protoss

Solar

  • Race: Zerg Zerg

VOD

Have the link to the VOD?

Description

Time

  • Played on: Jan. 17, 2026, 10:47 p.m.
  • Length: 8:22
Show
View Real Time Build Order
Export as new Build Order

herO Protoss - Winner!

Build Orders: 1 Gate Expand, Oracle Opening, Chargelot Immortal 

Get SALT Encoding   

  12  0:00  Probe  
  13  0:12  Probe  
  14  0:19  Pylon  
  14  0:24  Probe  
  15  0:33  Probe  
  15  0:41  Probe  
  16  0:44  Gateway  
  17  0:50  Assimilator  
  17  0:51  Probe  
  18  1:03  Probe  
  19  1:16  Probe  
  20  1:25  Nexus  
  20  1:36  Cybernetics Core  
  20  1:39  Probe  
  21  1:48  Assimilator  
  21  1:51  Probe  
  22  1:55  Pylon  
  22  2:03  Adept, Probe  
  25  2:16  Probe  
  25  2:20  Stargate  
  26  2:28  Probe, Warp Gate  
  27  2:33  Adept  
  27  2:34  Probe  
  29  2:41  Probe  
  29  2:42  Probe  
  31  2:44  Pylon  
  32  2:52  Probe  
  32  2:53  Probe  
  34  2:59  Oracle  
  34  3:03  Adept  
  36  3:07  Probe x2  
  41  3:14  Gateway  
  41  3:18  Pylon  
  41  3:21  Probe  
  41  3:22  Probe  
  43  3:29  Oracle  
  43  3:33  Adept  
  45  3:35  Probe  
  45  3:36  Probe  
  50  3:51  Nexus  
  50  3:56  Pylon, Oracle  
  50  3:59  Pylon  
  50  4:00  Probe x2  
  53  4:12  Assimilator  
  53  4:13  Probe  
  53  4:14  Assimilator  
  54  4:17  Probe  
  55  4:24  Adept  
  55  4:27  Probe  
  55  4:29  Probe  
  57  4:31  Adept  
  57  4:34  Twilight Council, Forge  
  59  4:39  Probe  
  59  4:41  Probe  
  59  4:44  Pylon  
  61  4:51  Gateway  
  61  4:52  Gateway  
  61  5:01  Probe  
  61  5:02  Probe  
  61  5:03  Adept x2  
  67  5:10  Probe  
  67  5:14  Probe x2  
  68  5:18  Probe  
  68  5:20  Robotics Facility, Protoss Ground Weapons Level 1  
  68  5:21  Charge  
  70  5:26  Probe  
  70  5:28  Adept x2  
  76  5:32  Probe  
  76  5:34  Probe  
  76  5:35  Probe  
  74  5:37  Photon Cannon  
  74  5:40  Probe  
  75  5:42  Probe  
  75  5:43  Templar Archives  
  75  5:47  Probe  
  75  5:49  Probe  
  78  5:50  Pylon  
  78  5:52  Probe  
  80  5:59  Probe  
  80  6:01  Probe  
  80  6:03  Immortal  
  79  6:04  Probe  
  79  6:06  Adept  
  79  6:11  Probe  
  83  6:14  Psionic Storm  
  85  6:21  Adept x2  
  88  6:30  Gateway  
  88  6:31  Immortal, Gateway  
  81  6:33  Gateway, Zealot x2  
  81  6:38  Gateway  
  81  6:39  Shield Battery  
  85  6:44  Shield Battery  
  89  6:49  Gateway  
  89  6:51  Pylon  
  89  6:52  Zealot x2  
  93  6:58  Immortal  
  93  7:04  Zealot x2  
  92  7:13  Zealot x2  
  92  7:15  Photon Cannon  
  96  7:25  Zealot x3  
  94  7:32  Zealot x2  
  94  7:33  Immortal  
  98  7:42  Zealot  
  89  7:45  Zealot x4  
  89  7:49  Zealot x2  
  87  7:55  Zealot x2  
  83  8:06  Zealot x4  
  83  8:09  Zealot  
  83  8:10  Zealot  
Show
View Real Time Build Order
Export as new Build Order

Solar Zerg 

Build Orders: Hatch First 

Get SALT Encoding   

  12  0:00  Drone  
  13  0:07  Drone  
  14  0:30  Hatchery  
  14  0:35  Drone  
  14  0:41  Extractor  
  14  0:42  Drone  
  15  0:48  Overlord  
  15  1:07  Drone x2  
  17  1:12  Drone  
  17  1:14  Spawning Pool  
  17  1:16  Extractor  
  16  1:19  Drone  
  17  1:28  Drone  
  18  1:40  Drone  
  18  1:43  Drone  
  20  1:50  Drone  
  21  2:01  Queen x2  
  21  2:03  Zergling x2  
  21  2:07  Overlord  
  26  2:11  Drone  
  26  2:13  Drone  
  28  2:24  Metabolic Boost  
  28  2:26  Zergling x2  
  28  2:28  Drone x2  
  31  2:37  Queen  
  33  2:48  Overlord  
  33  2:49  Drone x3  
  35  3:00  Zergling x2  
  36  3:10  Drone x4  
  40  3:13  Zergling x2  
  40  3:16  Overlord  
  40  3:19  Zergling x2  
  42  3:25  Zergling x4  
  43  3:34  Queen  
  43  3:36  Extractor  
  43  3:37  Drone x3  
  47  3:43  Queen  
  49  3:50  Drone x2, Hatchery  
  49  3:51  Overlord  
  51  4:00  Overlord  
  51  4:01  Spore Crawler  
  50  4:07  Zergling x8  
  52  4:10  Drone, Spore Crawler  
  52  4:14  Drone  
  53  4:19  Zergling x2  
  51  4:25  Drone  
  51  4:29  Drone x4  
  54  4:33  Queen  
  54  4:35  Drone  
  57  4:40  Lair  
  57  4:43  Drone  
  57  4:45  Extractor  
  57  4:50  Drone x2  
  57  4:51  Roach Warren  
  58  4:55  Overlord  
  58  4:58  Drone  
  58  4:59  Drone x4  
  63  5:02  Drone x2  
  62  5:11  Drone  
  62  5:14  Drone x2  
  63  5:21  Drone  
  63  5:24  Extractor  
  63  5:25  Drone x5  
  68  5:30  Pneumatized Carapace  
  68  5:31  Overlord  
  68  5:35  Drone x2, Hatchery, Spore Crawler  
  67  5:37  Drone  
  67  5:38  Drone  
  68  5:43  Roach  
  68  5:45  Roach  
  68  5:47  Overlord x2  
  72  5:50  Overlord  
  72  5:54  Zergling x2  
  72  5:55  Zergling x8  
  77  5:59  Roach x2  
  77  6:02  Zergling x4  
  80  6:08  Roach x3  
  84  6:12  Roach x2  
  84  6:17  Roach  
  85  6:20  Roach  
  85  6:25  Roach  
  87  6:28  Zergling x4  
  87  6:31  Overlord  
  89  6:35  Zergling x6  
  92  6:40  Zergling x6  
  92  6:42  Ravager  
  92  6:44  Ravager  
  92  6:46  Zergling x2  
  92  6:47  Zergling x6  
  101  6:48  Overlord  
  101  6:51  Ravager  
  101  6:53  Zergling x4  
  103  6:55  Zergling x4  
  103  6:57  Zergling x4  
  103  7:00  Zergling x4  
  101  7:04  Zergling x2  
  101  7:06  Ravager  
  101  7:07  Zergling x2  
  96  7:13  Zergling x6  
  98  7:16  Ravager  
  98  7:17  Zergling x2  
  98  7:18  Zergling x2  
  98  7:22  Zergling x2  
  101  7:24  Zergling x2  
  101  7:25  Zergling x4  
  101  7:28  Zergling x4  
  98  7:31  Zergling x2  
  98  7:36  Ravager  
  99  7:37  Zergling x6  
  99  7:42  Zergling x6  
  99  7:44  Zergling x2  
  94  7:47  Ravager  
  94  7:48  Zergling x4  
  84  7:54  Roach x2  
  84  7:55  Zergling x2  
  82  8:00  Roach x2  
  82  8:03  Zergling x2  
Tags
 
Add a new tag
Caveats
  • Supply blocks, unpowered buildings, or Contaminate may cause inaccurate times.
  • Supply counts are checked every 10 seconds.